ORI
UNIVERSITY OF FLORIDA GATORS @ REDLANDS EAST VALLEY WILDCATS
12/19/2049
 
TOP OF THE 1ST
University of Florida Gators batting - Pitching for Redlands East Valley Wildcats : RHP Dave Trevino
Pitching: RHP Dave Trevino
Batting: RHB Hiromichi Takamoto 0-0: Ball
1-0: Ball
2-0: Swinging Strike
2-1: Foul Ball, location: 9LMF
2-2: Strikes out swinging
Batting: LHB Roy Davies 0-0: TRIPLE (Groundball, 5L, EV 106.3 MPH)
Batting: RHB Gong-sun Law 0-0: Swinging Strike
0-1: Foul Ball, location: 9LMFF
0-2: Ball
1-2: Ball
2-2: Foul Ball, location: 2F
2-2: Foul Ball, location: 9LSF
2-2: Foul Ball, location: 5FF
2-2: Foul Ball, location: 2F
2-2: Ball
3-2: Foul Ball, location: 2F
3-2: Base on Balls
Batting: RHB Lião Weishampt 0-0: Called Strike
0-1: Called Strike
0-2: Ball
1-2: Fly out, F8 (Flyball, 78D, EV 108.1 MPH)
Runner from 3rd tags up, SCORES, throw by CF
Batting: SHB Pat Justice 0-0: Ball
1-0: Ball
2-0: Ground out U3 (Groundball, 3L, EV 105.0 MPH)
Top of the 1st over - 1 run, 1 hit, 0 errors, 1 left on base; University of Florida 1 - Redlands East Valley 0
BOTTOM OF THE 1ST
Redlands East Valley Wildcats batting - Pitching for University of Florida Gators : RHP Nelson Carachure
Pitching: RHP Nelson Carachure
Batting: LHB Jim Snell 0-0: Foul Ball, location: 2F
0-1: Ball
1-1: Swinging Strike
1-2: Ball
2-2: Foul Ball, location: 2F
2-2: Strikes out swinging
Batting: SHB Jonathan Jacob 0-0: Ball
1-0: Called Strike
1-1: Swinging Strike
1-2: Foul Ball, location: 5FF
1-2: Foul Ball, location: 5F
1-2: Foul Ball, location: 2F
1-2: Strikes out swinging
Batting: LHB Eddie Montiel 0-0: Called Strike
0-1: Called Strike
0-2: Ball
1-2: Strikes out swinging
Bottom of the 1st over - 0 runs, 0 hits, 0 errors, 0 left on base; University of Florida 1 - Redlands East Valley 0
TOP OF THE 2ND
University of Florida Gators batting - Pitching for Redlands East Valley Wildcats : RHP Dave Trevino
Batting: RHB Jiao-long Zhào 0-0: Called Strike
0-1: SINGLE (Line Drive, 8LS, EV 108.1 MPH)
Batting: RHB Conz Laufenberg 0-0: Sac Bunt to 25 - play at first, batter OUT! 5-3
Jiao-long Zhào to second
Batting: RHB Juan Lopez 0-0: Foul Ball, location: 25F
0-1: Ball
1-1: Foul Ball, location: 7LMF
1-2: Ball
2-2: Ball
3-2: Strikes out swinging
Batting: RHB Angelo Rentas 0-0: Called Strike
0-1: Swinging Strike
0-2: Ball
1-2: Fly out, F8 (Flyball, 78D, EV 100.6 MPH)
Top of the 2nd over - 0 runs, 1 hit, 0 errors, 1 left on base; University of Florida 1 - Redlands East Valley 0
BOTTOM OF THE 2ND
Redlands East Valley Wildcats batting - Pitching for University of Florida Gators : RHP Nelson Carachure
Batting: LHB B.J. Ferguson 0-0: Called Strike
0-1: Foul Ball, location: 2F
0-2: Strikes out swinging
Batting: SHB Jason Pugh 0-0: Swinging Strike
0-1: Ball
1-1: Foul Ball, location: 2F
1-2: Ball
2-2: Ball
3-2: Strikes out swinging
Batting: RHB Takayashi Hori 0-0: Called Strike
0-1: Ball
1-1: Foul Ball, location: 2F
1-2: Ball
2-2: Foul Ball, location: 3F
2-2: Foul Ball, location: 23F
2-2: Ball
3-2: Strikes out looking
Bottom of the 2nd over - 0 runs, 0 hits, 0 errors, 0 left on base; University of Florida 1 - Redlands East Valley 0
TOP OF THE 3RD
University of Florida Gators batting - Pitching for Redlands East Valley Wildcats : RHP Dave Trevino
Batting: RHB Hiromichi Takamoto 0-0: Called Strike
0-1: Foul Ball, location: 2F
0-2: Ground out 6-3 (Groundball, 6MS, EV 90.0 MPH)
Batting: LHB Roy Davies 0-0: Ball
1-0: Ball
2-0: Ball
3-0: Called Strike
3-1: Fly out, F8 (Flyball, 8RD, EV 84.4 MPH)
Batting: RHB Gong-sun Law 0-0: Ball
1-0: Called Strike
1-1: Ball
2-1: Swinging Strike
2-2: SINGLE (Groundball, 56S, EV 66.9 MPH) (infield hit)
Batting: RHB Lião Weishampt 0-0: Ball
1-0: Ball
2-0: Ball
3-0: Called Strike
3-1: Fly out, F8 (Flyball, 8LD, EV 88.8 MPH)
Top of the 3rd over - 0 runs, 1 hit, 0 errors, 1 left on base; University of Florida 1 - Redlands East Valley 0
BOTTOM OF THE 3RD
Redlands East Valley Wildcats batting - Pitching for University of Florida Gators : RHP Nelson Carachure
Batting: RHB Alex Freyre 0-0: Ball
1-0: Foul Ball, location: 9LSF
1-1: Foul Ball, location: 5F
1-2: SINGLE (Groundball, 56, EV 102.5 MPH) (infield hit)
Batting: RHB Jeremy Evans 0-0: Ball
1-0: Called Strike
1-1: Fielders Choice at 2nd, 4-6 (Groundball, 4M, EV 90.0 MPH)
Batting: RHB Jim Cahan 0-0: Called Strike
0-1: Ball
1-1: Ball
2-1: Ball
Jeremy Evans steals 2nd base
3-1: DOUBLE (Flyball, 78D, EV 105.0 MPH)
Jeremy Evans scores
Batting: LHB Jim Snell 0-0: Called Strike
0-1: Ball
1-1: Ball
2-1: Ball
3-1: Ground out 4-3 (Groundball, 4S, EV 65.6 MPH)
Jim Cahan to third
Batting: SHB Jonathan Jacob 0-0: Ball
1-0: Ground out 4-3 (Groundball, 4, EV 88.8 MPH)
Bottom of the 3rd over - 1 run, 2 hits, 0 errors, 1 left on base; University of Florida 1 - Redlands East Valley 1
TOP OF THE 4TH
University of Florida Gators batting - Pitching for Redlands East Valley Wildcats : RHP Dave Trevino
Batting: SHB Pat Justice 0-0: Ball
1-0: Called Strike
1-1: Ball
2-1: Ball
3-1: Called Strike
3-2: Base on Balls
Batting: RHB Jiao-long Zhào 0-0: Sac Bunt to 25 - play at first, batter OUT! 5-3
Pat Justice to second
Batting: RHB Conz Laufenberg 0-0: Called Strike
0-1: Ball
1-1: Ground out 5-3 (Groundball, 5, EV 72.5 MPH)
Pat Justice to third
Batting: RHB Juan Lopez 0-0: Ball
1-0: Ball
2-0: Called Strike
2-1: Foul Ball, location: 23FF
2-2: Strikes out swinging
Top of the 4th over - 0 runs, 0 hits, 0 errors, 1 left on base; University of Florida 1 - Redlands East Valley 1
BOTTOM OF THE 4TH
Redlands East Valley Wildcats batting - Pitching for University of Florida Gators : RHP Nelson Carachure
Batting: LHB Eddie Montiel 0-0: Swinging Strike
0-1: Ball
1-1: Ball
2-1: Ball
3-1: Ground out 4-3 (Groundball, 34, EV 89.4 MPH)
Batting: LHB B.J. Ferguson 0-0: Called Strike
0-1: Ball
1-1: Ball
2-1: Foul Ball, location: 3F
2-2: Strikes out swinging
Batting: SHB Jason Pugh 0-0: Swinging Strike
0-1: Hit by Pitch
Batting: RHB Takayashi Hori 0-0: Ball
1-0: Called Strike
Jason Pugh steals 2nd base
1-1: Ball
2-1: TRIPLE (Line Drive, 89XD, EV 106.3 MPH)
Jason Pugh scores
Batting: RHB Alex Freyre 0-0: Called Strike
0-1: Foul Ball, location: 3SF
0-2: Ball
1-2: SINGLE (Groundball, 34S, EV 68.8 MPH) (infield hit)
Takayashi Hori scores
Pitching: RHP Jeff Nadeau
Batting: RHB Jeremy Evans 0-0: Ball
Alex Freyre steals 2nd base
1-0: Ball
2-0: Called Strike
2-1: Foul Ball, location: 2F
2-2: Ball
3-2: Base on Balls
Batting: RHB Jim Cahan 0-0: Ball
1-0: Ball
2-0: Called Strike
2-1: Ball
3-1: Base on Balls
Alex Freyre to third
Jeremy Evans to second
Batting: LHB Jim Snell 0-0: Called Strike
0-1: Ball
1-1: Ball
2-1: Foul Ball, location: 2F
2-2: Foul Ball, location: 3SF
2-2: SINGLE (Line Drive, 56D, EV 106.3 MPH)
Alex Freyre scores
Jeremy Evans to third
Jim Cahan to second
Runner from 3rd tries for Home, SAFE, throw by LF to home
Batting: SHB Jonathan Jacob 0-0: Ball
1-0: Ground out 4-3 (Groundball, 4, EV 108.1 MPH)
Bottom of the 4th over - 4 runs, 3 hits, 0 errors, 2 left on base; University of Florida 1 - Redlands East Valley 5
TOP OF THE 5TH
University of Florida Gators batting - Pitching for Redlands East Valley Wildcats : RHP Dave Trevino
Batting: RHB Angelo Rentas 0-0: Ball
1-0: Foul Ball, location: 9LDF
1-1: Foul Ball, location: 7LMF
1-2: Ball
2-2: Strikes out swinging
Batting: RHB Hiromichi Takamoto 0-0: Swinging Strike
0-1: Ball
1-1: Ball
2-1: Foul Ball, location: 2F
2-2: Foul Ball, location: 9LSF
2-2: Ground out 5-3 (Groundball, 56, EV 102.5 MPH)
Batting: LHB Roy Davies 0-0: Ground out 4-3 (Groundball, 4S, EV 84.4 MPH)
Top of the 5th over - 0 runs, 0 hits, 0 errors, 0 left on base; University of Florida 1 - Redlands East Valley 5
BOTTOM OF THE 5TH
Redlands East Valley Wildcats batting - Pitching for University of Florida Gators : RHP Jeff Nadeau
Batting: LHB Eddie Montiel 0-0: Ball
1-0: Called Strike
1-1: Ball
2-1: Foul Ball, location: 2F
2-2: Strikes out looking
Batting: LHB B.J. Ferguson 0-0: Ball
1-0: SINGLE (Groundball, 13S, EV 71.3 MPH) (infield hit)
Batting: SHB Jason Pugh 0-0: Ball
1-0: Ball
2-0: Foul Ball, location: 2F
2-1: Foul Ball, location: 2F
2-2: Ball
3-2: Base on Balls
B.J. Ferguson to second
Batting: RHB Takayashi Hori 0-0: Called Strike
0-1: Ball
1-1: Foul Ball, location: 2F
1-2: Ball
2-2: Strikes out looking
Batting: RHB Alex Freyre 0-0: DOUBLE (Flyball, 8LXD, EV 105.6 MPH)
B.J. Ferguson scores
Jason Pugh to third
Runner from 3rd tries for Home, SAFE, no throw by CF
Pitching: LHP Alexander Collins
Batting: RHB Jeremy Evans 0-0: Called Strike
Alex Freyre steals 3rd base
0-1: Ball
1-1: Foul Ball, location: 5F
1-2: Ball
2-2: Ball
3-2: Base on Balls
Batting: RHB Jim Cahan 0-0: Called Strike
Jeremy Evans is caught stealing 2nd base 2-4
Bottom of the 5th over - 2 runs, 2 hits, 0 errors, 1 left on base; University of Florida 1 - Redlands East Valley 7
TOP OF THE 6TH
University of Florida Gators batting - Pitching for Redlands East Valley Wildcats : RHP Dave Trevino
Pitching: LHP Hugo Alba
Batting: RHB Gong-sun Law 0-0: Fly out, F9 (Flyball, 9D, EV 104.4 MPH)
Batting: RHB Lião Weishampt 0-0: Called Strike
0-1: Ball
1-1: Ball
2-1: Ball
3-1: Called Strike
3-2: Base on Balls
Batting: SHB Pat Justice 0-0: Called Strike
0-1: Foul Ball, location: 5SF
0-2: Ball
1-2: Ball
2-2: Ball
3-2: Base on Balls
Lião Weishampt to second
Batting: RHB Jiao-long Zhào 0-0: Called Strike
0-1: Ball
1-1: Foul Ball, location: 2F
1-2: Strikes out swinging
Batting: RHB Conz Laufenberg 0-0: SINGLE (Groundball, 56D, EV 107.5 MPH)
Lião Weishampt to third
Pat Justice to second
Batting: RHB Juan Lopez 0-0: Ball
1-0: Ball
2-0: Foul Ball, location: 2F
2-1: TRIPLE (Line Drive, 78XD, EV 104.4 MPH)
Lião Weishampt scores
Pat Justice scores
Conz Laufenberg scores
Pitching: RHP David Akers
Batting: RHB Angelo Rentas 0-0: Ball
1-0: Fly out, F8 (Line Drive, 89M, EV 108.8 MPH)
Top of the 6th over - 3 runs, 2 hits, 0 errors, 1 left on base; University of Florida 4 - Redlands East Valley 7
BOTTOM OF THE 6TH
Redlands East Valley Wildcats batting - Pitching for University of Florida Gators : LHP Alexander Collins
Batting: RHB Jim Cahan 0-0: Called Strike
0-1: Fly out, F6 (Line Drive, 6M, EV 70.6 MPH)
Batting: LHB Jim Snell 0-0: Foul Ball, location: 3F
0-1: Ground out 4-3 (Groundball, 4S, EV 87.5 MPH)
Batting: SHB Jonathan Jacob 0-0: Ball
1-0: Ball
2-0: Called Strike
2-1: DOUBLE (Flyball, 89XD, EV 109.4 MPH)
Batting: LHB Eddie Montiel 0-0: Ground out 2-3 (Groundball, 2R, EV 61.9 MPH)
Bottom of the 6th over - 0 runs, 1 hit, 0 errors, 1 left on base; University of Florida 4 - Redlands East Valley 7
TOP OF THE 7TH
University of Florida Gators batting - Pitching for Redlands East Valley Wildcats : RHP David Akers
Batting: RHB Hiromichi Takamoto 0-0: SINGLE (Groundball, 15, EV 60.6 MPH) (infield hit)
Batting: LHB Roy Davies 0-0: Ball
Hiromichi Takamoto is caught stealing 2nd base 2-6
1-0: Ground out 3-1 (Groundball, 34, EV 87.5 MPH)
Batting: RHB Gong-sun Law 0-0: Ball
1-0: Called Strike
1-1: Swinging Strike
1-2: Ball
2-2: Ball
3-2: Base on Balls
Batting: RHB Lião Weishampt 0-0: Swinging Strike
0-1: Foul Ball, location: 2LF
0-2: Ball
1-2: TRIPLE (Line Drive, 8LXD, EV 109.4 MPH)
Gong-sun Law scores
Batting: SHB Pat Justice 0-0: Called Strike
0-1: Foul Ball, location: 23F
0-2: Strikes out swinging
Top of the 7th over - 1 run, 2 hits, 0 errors, 1 left on base; University of Florida 5 - Redlands East Valley 7
BOTTOM OF THE 7TH
Redlands East Valley Wildcats batting - Pitching for University of Florida Gators : LHP Alexander Collins
Batting: LHB B.J. Ferguson 0-0: Ball
1-0: Ball
2-0: Called Strike
2-1: Swinging Strike
2-2: Foul Ball, location: 7LSF
2-2: Strikes out swinging
Batting: SHB Jason Pugh 0-0: SINGLE (Groundball, 3D, EV 98.1 MPH)
Batting: RHB Takayashi Hori 0-0: Fly out, F5 (Line Drive, 5, EV 68.1 MPH)
Batting: RHB Alex Freyre 0-0: Called Strike
0-1: Ball
1-1: Foul Ball, location: 2F
1-2: Fly out, F7 (Flyball, 7LM, EV 103.8 MPH)
Bottom of the 7th over - 0 runs, 1 hit, 0 errors, 1 left on base; University of Florida 5 - Redlands East Valley 7
TOP OF THE 8TH
University of Florida Gators batting - Pitching for Redlands East Valley Wildcats : RHP David Akers
Batting: RHB Jiao-long Zhào 0-0: Swinging Strike
0-1: Ball
1-1: Swinging Strike
1-2: Strikes out swinging
Batting: RHB Conz Laufenberg 0-0: Ball
1-0: SINGLE (Groundball, 4D, EV 105.0 MPH)
Batting: RHB Juan Lopez 0-0: SINGLE (Line Drive, 34D, EV 96.9 MPH)
Conz Laufenberg to second
Runner from 2nd tries for 3rd, SAFE, throw by RF made to third
Pinch Hitting: SHB Tokuichi Ishida 0-0: Ball
1-0: Ball
2-0: 3-RUN HOME RUN (Flyball, 89XD, EV 99.4 MPH), Distance : 412 ft
Pitching: LHP Hahn Patzwahl
Batting: RHB Hiromichi Takamoto 0-0: Ball
1-0: Ball
2-0: Called Strike
2-1: Called Strike
2-2: Foul Ball, location: 23FF
2-2: Foul Ball, location: 2LF
2-2: Foul Ball, location: 2F
2-2: Foul Ball, location: 9LSF
2-2: Ball
3-2: Strikes out swinging
Batting: LHB Roy Davies 0-0: Ball
1-0: Called Strike
1-1: Foul Ball, location: 3FF
1-2: Strikes out looking
Top of the 8th over - 3 runs, 3 hits, 0 errors, 0 left on base; University of Florida 8 - Redlands East Valley 7
BOTTOM OF THE 8TH
Redlands East Valley Wildcats batting - Pitching for University of Florida Gators : LHP Alexander Collins
Now at C: Jae-won Kwon
Batting: RHB Jeremy Evans 0-0: Ball
1-0: Foul Ball, location: 3FF
1-1: Ball
2-1: Ball
3-1: Called Strike
3-2: Strikes out swinging
Batting: RHB Jim Cahan 0-0: Ball
1-0: Ball
2-0: Ball
3-0: Base on Balls
Batting: LHB Jim Snell 0-0: Foul Ball, location: 7LSF
0-1: Called Strike
0-2: Foul Ball, location: 2F
0-2: Strikes out swinging
Batting: SHB Jonathan Jacob 0-0: Ball
1-0: Ball
2-0: Ball
3-0: Called Strike
3-1: Ground out 4-3 (Groundball, 34D, EV 94.4 MPH)
Bottom of the 8th over - 0 runs, 0 hits, 0 errors, 1 left on base; University of Florida 8 - Redlands East Valley 7
TOP OF THE 9TH
University of Florida Gators batting - Pitching for Redlands East Valley Wildcats : LHP Hahn Patzwahl
Batting: RHB Gong-sun Law 0-0: Ball
1-0: Ball
2-0: Foul Ball, location: 7LDF
2-1: Ground out 1-3 (Groundball, P, EV 68.8 MPH)
Batting: RHB Lião Weishampt 0-0: Ball
1-0: Foul Ball, location: 2F
1-1: Called Strike
1-2: Strikes out swinging
Batting: SHB Pat Justice 0-0: Called Strike
0-1: Foul Ball, location: 2F
0-2: Ball
1-2: Ball
2-2: Strikes out swinging
Top of the 9th over - 0 runs, 0 hits, 0 errors, 0 left on base; University of Florida 8 - Redlands East Valley 7
BOTTOM OF THE 9TH
Redlands East Valley Wildcats batting - Pitching for University of Florida Gators : LHP Alexander Collins
Pitching: RHP Gwang-sam Choe
Now at 1B: Manny Harrison
Now in LF: Lião Weishampt
Batting: LHB Eddie Montiel 0-0: Ball
1-0: Fly out, F6 (Line Drive, 6M, EV 75.6 MPH)
Batting: LHB B.J. Ferguson 0-0: Ball
1-0: Foul Ball, location: 23FF
1-1: Foul Ball, location: 9LMF
1-2: Ball
2-2: Ground out 4-3 (Groundball, 4M, EV 83.1 MPH)
Pinch Hitting: LHB John Blumberg 0-0: Foul Ball, location: 3SF
0-1: SINGLE (Groundball, 13S, EV 68.8 MPH) (infield hit)
Batting: RHB Takayashi Hori 0-0: Fly out, F7 (Flyball, 78D, EV 103.8 MPH)
Bottom of the 9th over - 0 runs, 1 hit, 0 errors, 1 left on base; University of Florida 8 - Redlands East Valley 7
Sunday, July 16th , 2023 - OOTP Baseball 24.6 Build 69